 Dungeon Crawl Stone Soup version 0.25.0-26-g0c896c7088 (webtiles) character file.

Game seed: 8330445303624524240

4434 protoss039 the Thaumaturge (level 10, -2/75 HPs)
             Began as a Deep Elf Air Elementalist on July 3, 2020.
             Was a Priest of Kikubaaqudgha.
             Killed by the air
             ... invoked by Gastronok
              (24 damage)
             ... on level 8 of the Dungeon.
             The game lasted 00:36:50 (10462 turns).

protoss039 the Thaumaturge (DEAE)                  Turns: 10462, Time: 00:36:50

Health: -2/75      AC: 25    Str:  5    XL:     10   Next: 14%
Magic:  1/28       EV:  2    Int: 30    God:    Kikubaaqudgha [***...]
Gold:   444        SH:  0    Dex: 15    Spells: 16/34 levels left

rFire    . . .     SeeInvis .   f - +0 short sword
rCold    . . .     Gourm    .   (no shield)
rNeg     + + +     Faith    .   (armour currently unavailable)
rPois    +         Spirit   .   (helmet currently unavailable)
rElec    .         Reflect  .   (cloak currently unavailable)
rCorr    .         Harm     .   (gloves currently unavailable)
MR       ++...     NoTele   +   (boots currently unavailable)
Stlth    ++........             (no amulet)
HPRegen  0.22/turn              t - +6 ring of intelligence
MPRegen  0.21/turn              b - ring of protection from magic

@: mighty, tree-form
A: no striking features
a: Receive Corpses, Renounce Religion


You were on level 8 of the Dungeon.
You worshipped Kikubaaqudgha.
Kikubaaqudgha was most pleased with you.
You were very hungry.
You were a tree.
You visited 2 branches of the dungeon, and saw 9 of its levels.

You collected 444 gold pieces.

Inventory:

Hand Weapons
 f - a +0 short sword (weapon)
Armour
 g - a +2 helmet (melded)
 u - a +2 leather armour of magic resistance
 v - the cursed +1 scale mail of Day (melded) {*Corrode rElec rC+ Dex+3}
   (You found it on level 7 of the Dungeon)

   It affects your dexterity (+3).
   It protects you from cold.
   It insulates you from electricity.
   It may corrode you when you take damage.
   It has a curse placed upon it.
 x - a +0 cloak (melded)
Jewellery
 b - a ring of protection from magic (right branch)
 q - an uncursed ring of positive energy
 r - an uncursed ring of fire
 t - a +6 ring of intelligence (left branch)
Wands
 j - a wand of flame (11)
Scrolls
 e - 3 scrolls of fear
 h - a scroll of amnesia
 w - a scroll of remove curse
Potions
 d - 2 potions of flight {unknown}
 i - a potion of haste
 l - a potion of brilliance {unknown}
 m - 2 potions of heal wounds {unknown}
 n - a potion of curing
 s - 2 potions of stabbing {unknown}
Comestibles
 c - 23 rations


   Skills:
 - Level 2.4 Dodging
 - Level 2.4 Stealth
 + Level 12.6 Spellcasting
 + Level 6.6 Conjurations
 + Level 9.9 Air Magic


You had 16 spell levels left.
You knew the following spells:

 Your Spells              Type           Power        Failure   Level  Hunger
a - Shock                 Conj/Air       ####         1%          1    None
b - Swiftness             Chrm/Air       #####...     1%          2    None
c - Static Discharge      Conj/Air       ######..     1%          3    None
d - Airstrike             Air            ######....   1%          4    None
e - Lightning Bolt        Conj/Air       ######....   2%          5    #......
f - Vampiric Draining     Necr           ###.......   9%          3    None

Your spell library contained the following spells:

 Spells                   Type           Power        Failure   Level  Hunger
 Animate Skeleton         Necr           N/A          2%          1    None
 Apportation              Tloc           ###...       2%          1    None
 Corona                   Hex            ###....      2%          1    None
 Pain                     Necr           ###.         2%          1    None
 Summon Small Mammal      Summ           ###.         2%          1    None
 Sublimation of Blood     Necr           ###.......   4%          2    None
 Animate Dead             Necr           N/A          26%         4    None
 Dispel Undead            Necr           ###.....     26%         4    None
 Agony                    Necr           ###.....     58%         5    #......
 Borgnjor's Vile Clutch   Necr/Erth      ###.......   58%         5    #......
 Simulacrum               Ice/Necr       ###.......   99%         6    ####...


Dungeon Overview and Level Annotations

Branches:
Dungeon (8/15)             Temple (1/1) D:4
   Lair: D:8-11

Altars:
Ashenzari
Cheibriados
Dithmenos
Elyvilon
Fedhas
Gozag
Hepliaklqana
Kikubaaqudgha
Makhleb
Nemelex Xobeh
Okawaru
Qazlal
Sif Muna
Trog
Uskayaw
Vehumet
Wu Jian
Xom
Yredelemnul
Zin
The Shining One

Shops:
D:8 :

Portals:
Abyss: D:7

Annotations:
D:4 Duvessa
D:5 1 transporter
D:7 2 transporters, SamuraiZach's ghost, amateur OpFi
D:8 Gastronok


Message History

Unknown command.
Unknown command.
Unknown command.
Unknown command.
Unknown command.
You hit Gastronok but do no damage.
Gastronok is lightly wounded.
Gastronok bites you!!
* * * LOW HITPOINT WARNING * * *
Unknown command.
Unknown command.
You feel better.
Unknown command.
Unknown command.
Unknown command.
You feel very mighty all of a sudden.
Gastronok waves his eye-stalks in wide circles.
The air twists around and strikes you!!
You die...
Kikubaaqudgha rasps: "You have failed me!
Welcome... death!"

*,* #.##.#......# # *,*
#.##.#####..# # *,* #.##.# #..# #
*,* #.##.# #..####
******,###########.##.# #......
*,,,,,,#....(........(######(#...
*,****##.#########...........#.##
*,* ###...####################.##
*,* #.......†..w♣.# #.##
#.###.#...#######.# #.##
#...........# *.# #.#.
#..##.#...#.# *.# #.#.
#.,*#.##.##.# *$# #.#.
#,,*#)##.#*,# *.# #.#.
*,,,w†....,,* *<# #.#,
,,,##†#####,* *.# *,,, **,*#.#
*,* *,* ***,


You could see Gastronok.

Vanquished Creatures
  Maurice (D:8)
  Prince Ribbit (D:5)
  Eustachio (D:5)
  A human (D:7)
  A yak (D:7)
  A wyvern (D:7)
  3 hogs (D:7)
  A necrophage (D:7)
  2 orc warriors
  2 black bears (D:8)
  A phantom (D:5)
  2 ice beasts
  A centaur (D:8)
  An ogre (D:7)
  A big kobold (D:8)
  A bullfrog (D:8)
  4 scorpions
  Dowan (D:4)
  6 killer bees (D:8)
  A howler monkey (D:7)
  5 crimson imps
  A bullfrog zombie (D:7)
  A centaur zombie (D:5)
  4 hounds
  A bullfrog skeleton (D:7)
  3 centaur skeletons
  A gnoll shaman (D:4)
  3 jellies
  5 orc priests
  4 orc wizards (D:6)
  2 iguanas
  5 worker ants
  A hound skeleton (D:5)
  7 gnolls (D:4)
  8 adders
  2 shadow imps
  3 oozes
  An adder zombie (D:8)
  An adder skeleton (D:4)
  2 worms (D:2)
  4 dart slugs
  3 leopard geckos
  18 orcs
  3 giant cockroaches
  4 goblins
  9 hobgoblins
  11 jackals
  5 quokkas
  10 bats
  4 frilled lizards
  16 kobolds
  A leopard gecko skeleton (D:7)
  2 quokka skeletons
  3 rats
186 creatures vanquished.

Notes
Turn   | Place    | Note
-------+----------+-------------------------------------------
     0 | D:1      | protoss039 the Deep Elf Air Elementalist began the quest
                  | for the Orb.
     0 | D:1      | Reached XP level 1. HP: 10/10 MP: 6/6
   380 | D:1      | Reached XP level 2. HP: 15/15 MP: 8/8
   919 | D:1      | Learned a level 2 spell: Swiftness
  1123 | D:2      | Reached XP level 3. HP: 11/19 MP: 5/10
  1487 | D:2      | Reached skill level 4 in Spellcasting
  1735 | D:2      | Reached XP level 4. HP: 24/24 MP: 8/12
  1813 | D:2      | Learned a level 3 spell: Static Discharge
  2639 | D:3      | Noticed a phantom
  3230 | D:3      | Reached XP level 5. HP: 23/28 MP: 7/13
  3332 | D:3      | Found a glowing golden altar of the Shining One.
  3378 | D:4      | Learned a level 4 spell: Airstrike
  3474 | D:4      | Noticed Duvessa
  3474 | D:4      | Noticed Dowan
  3499 | D:4      | Killed Dowan
  3499 | D:4      | Reached skill level 5 in Spellcasting
  3859 | D:4      | Reached XP level 6. HP: 30/32 MP: 11/16
  4169 | D:4      | Found a staircase to the Ecumenical Temple.
  4188 | Temple   | Entered the Ecumenical Temple
  4332 | Temple   | Became a worshipper of Kikubaaqudgha
  4803 | D:4      | Reached skill level 6 in Spellcasting
  4803 | D:4      | Reached skill level 5 in Air Magic
  5429 | D:5      | Entered Level 5 of the Dungeon
  5551 | D:5      | Noticed Eustachio
  5655 | D:5      | Noticed Prince Ribbit
  5659 | D:5      | Killed Prince Ribbit
  5659 | D:5      | Reached skill level 7 in Spellcasting
  5659 | D:5      | Reached XP level 7. HP: 34/36 MP: 5/19
  5708 | D:5      | Reached skill level 5 in Conjurations
  5730 | D:5      | Reached * piety under Kikubaaqudgha
  5730 | D:5      | Identified Kikubaaqudgha's Collected Works on Evil
                  | (Kikubaaqudgha gifted it to you on level 5 of the Dungeon)
  5730 | D:5      | Received a gift from Kikubaaqudgha
  6139 | D:5      | Killed Eustachio
  6139 | D:5      | Reached skill level 8 in Spellcasting
  6139 | D:5      | Reached XP level 8. HP: 41/41 MP: 4/22
  6290 | D:5      | Found a sparkling altar of Nemelex Xobeh.
  6290 | D:5      | Found a transporter.
  6483 | D:5      | Noticed a cyan ugly thing
  6510 | D:5      | Learned a level 5 spell: Lightning Bolt
  6514 | D:5      | Learned a level 3 spell: Vampiric Draining
  7082 | D:6      | Reached skill level 9 in Spellcasting
  7280 | D:6      | Found a shimmering blue altar of Sif Muna.
  8160 | D:7      | Reached ** piety under Kikubaaqudgha
  8161 | D:7      | Reached skill level 10 in Spellcasting
  8351 | D:7      | Reached XP level 9. HP: 42/45 MP: 18/25
  8352 | D:7      | Found an iron altar of Okawaru.
  8394 | D:7      | Identified the +9 trident of the Blind Eye {distort,
                  | Fragile +Rage MR+ Str+6}
  8428 | D:7      | Noticed a purple ugly thing
  8430 | D:7      | Found a transporter.
  8736 | D:7      | Found a transporter.
  8765 | D:7      | Noticed SamuraiZach's ghost (amateur OpFi)
  8773 | D:7      | Found a one-way gate to the infinite horrors of the Abyss.
  8796 | D:7      | Found a stormy altar of Qazlal.
  8796 | D:7      | Found a shadowy altar of Dithmenos.
  8962 | D:7      | Reached skill level 11 in Spellcasting
  9409 | D:7      | Got a scorched scale mail
  9431 | D:7      | Identified the cursed +1 scale mail of Day {*Corrode rElec
                  | rC+ Dex+3} (You found it on level 7 of the Dungeon)
  9920 | D:8      | Reached skill level 12 in Spellcasting
 10089 | D:8      | Found Cesotiy's Book Shoppe.
 10096 | D:8      | Noticed Maurice
 10139 | D:8      | Killed Maurice
 10139 | D:8      | Reached XP level 10. HP: 28/50 MP: 1/28
 10422 | D:8      | Noticed Gastronok
 10439 | D:8      | Reached *** piety under Kikubaaqudgha
 10439 | D:8      | Identified Kikubaaqudgha's Almanac of Evil (Kikubaaqudgha
                  | gifted it to you on level 8 of the Dungeon)
 10439 | D:8      | Received a gift from Kikubaaqudgha
 10462 | D:8      | Killed from afar by Gastronok

Illustrated notes

Levels and vault maps discovered:
D:1:      kilobyte_arrival_exit_the_forest, layout_basic,
          chequers_serial_rivers_micro_a
D:2:      layout_basic, first_ration, grunt_ministairs_4
D:3:      layout_basic, minmay_misc_feat_enclosed, tso_altar
D:4:      layout_basic, minmay_temple_entry_large_hall, grunt_ministairs_12,
          uniq_duvessa
D:5:      layout_rooms, enter_ossuary_1, kennysheep_small_spiral,
          grunt_nemelex_the_gamble, uniq_eustachio, uniq_prince_ribbit1
D:6:      layout_basic, lemuel_blue_sif_altar
D:7:      minmay_evil_eye, layout_basic, gammafunk_temple_overflow_statue,
          gammafunk_ghost_abyssal_escape, hangedman_decor_diamond_cutter,
          grunt_livestock, minmay_misc_feat_five, minmay_misc_feat_tower,
          okawaru_metal_pillars_1_2
D:8:      layout_loops_ring, kennysheep_little_box, serial_shops,
          nicolae_shop_temple_entry_statues_fountains, uniq_maurice,
          uniq_gastronok
Temple:   dpeg_five_rooms_temple

Skill      XL: |  1  2  3  4  5  6  7  8  9 |
---------------+----------------------------+-----
Spellcasting   | 4 5 7 8 10 12 | 12.6
Conjurations   | 2 3 4 5 6 |  6.6
Air Magic      | 4 5 6 7 9 |  9.9
Dodging        | |  2.4
Stealth        | |  2.4

Action                   |  1- 3 |  4- 6 |  7- 9 | 10-12 || total
-------------------------+-------+-------+-------+-------++-------
Melee: Short sword       |     1 |     4 |    15 |    11 ||    31
 Cast: Shock             |    73 |   105 |    72 |    20 ||   270
       Static Discharge  |       |    30 |    23 |     5 ||    58
       Airstrike         |       |     2 |    70 |     4 ||    76
       Swiftness         |       |     1 |     1 |       ||     2
  Use: Scroll            |       |     6 |     5 |     1 ||    12
       Potion            |       |       |       |     5 ||     5
 Stab: Sleeping          |     1 |       |       |       ||     1
  Eat: Chunk             |     2 |    11 |    14 |       ||    27
       Ration            |       |     1 |       |       ||     1
Armor: Robe              |     9 |     6 |    11 |       ||    26
       Scale mail        |       |       |    14 |    15 ||    29
       Skin              |       |       |       |     7 ||     7
Dodge: Dodged            |    22 |    30 |    37 |    12 ||   101
